 Dungeon Crawl Stone Soup version 0.29.1-12-g30fa7ad0bf (webtiles) character file.

Game seed: 3718195324432911555

386 hawla the Chiller (level 7, -4/51 HPs)
             Began as a Meteoran Ice Elementalist on Jan 9, 2023.
             Slain by Edmund
             ... wielding a +1 flail of protection
              (7 damage)
             ... on level 4 of the Dungeon.
             The game lasted 00:03:57 (809 turns).

hawla the Chiller (Meteoran Ice Elementalist)        Turns: 809, Time: 00:04:00

Health: -4/51      AC:  2    Str: 15 (17) XL:     7   Next: 28%
Magic:  1/14       EV: 12    Int: 16 (18) God:
Gold:   81         SH:  0    Dex: 12 (14) Spells: 6/14 levels left

rFire   . . .      SeeInvis .   (no weapon)
rCold   . . .      Faith    .   (no shield)
rNeg    . . .      Spirit   .   a - +0 robe
rPois   .          Reflect  .   (no helmet)
rElec   .          Harm     .   (no cloak)
rCorr   .          Rampage  .   (no gloves)
Will    .....                   (no boots)
Stlth   +.........              (no amulet)
HPRegen 0.17/turn               g - +6 ring of strength
MPRegen 0.14/turn               (no ring)

@: mighty, freezing walls, attractive, very slightly contaminated, glowing
A: sense surroundings 1, otherworldly, glowing, explore regen
a: no special abilities


You were on level 4 of the Dungeon.
You visited 1 branch of the dungeon, and saw 4 of its levels.

You collected 81 gold pieces.

Inventory:

Armour
 a - a +0 robe (worn)
Jewellery
 g - a +6 ring of strength (left hand)
Scrolls
 b - 2 scrolls of identify {unknown}
Potions
 c - a potion of might
 d - a potion of attraction
 e - a potion of haste


   Skills:
 - Level 0.6 Fighting
 - Level 2.6 Dodging
 - Level 1.4 Stealth
 - Level 4.4 Spellcasting
 + Level 5.4 Conjurations
 - Level 5.9 Ice Magic


You had 6 spell levels left.
You knew the following spells:

 Your Spells              Type           Power      Damage    Failure   Level
a - Freeze                Ice            88%        1d10      1%          1
b - Frozen Ramparts       Ice            44%        1d7       4%          3
c - Hailstorm             Conj/Ice       21%        3d6       16%         4

Your spell library contained the following spells:

 Spells                   Type           Power      Damage    Failure   Level
 Ozocubu's Armour         Ice            22%        N/A       4%          3
 Gell's Gravitas          Tloc           3%         N/A       43%         3
 Lesser Beckoning         Tloc           3%         N/A       43%         3
 Teleport Other           Tloc           3%         N/A       43%         3


Dungeon Overview and Level Annotations

Branches:
Dungeon (4/15) Zot: 1591
 Temple: D:4-7

Altars:

Annotations:
D:4 Edmund


Innate Abilities, Weirdness & Mutations

You passively map a small area around you.
You are easily found by Zot.
You glow in the dark.
You regain HP and MP as you explore.


Message History

You are caught in an explosion of ice and frost!
The wall freezes the hound but does no damage.
The wall freezes the hobgoblin!
You kill the hobgoblin!
The wall freezes Edmund but does no damage.
Unknown command.
Casting: Hailstorm (quite dangerous; 14% risk of failure)
Confirm with . or Enter, or press ? or * to list all spells.
Aiming: Freeze (safe; 1% risk of failure)
Press: ? - help, Shift-Dir - straight line, f - Edmund
Aim: Edmund, wielding a +1 flail of protection and wearing a +0 scale mail (moderately wounded)
You freeze Edmund.
Edmund is heavily wounded.
The wall freezes the hound.
The wall freezes Edmund but does no damage.
Edmund drinks a potion.
Edmund seems to speed up.
The wall freezes the hound.
It was a potion of might.
You feel very mighty all of a sudden.
The wall freezes Edmund but does no damage.
Edmund hits you with a +1 flail of protection!
* * * LOW HITPOINT WARNING * * *
The wall freezes the hound.
The wall freezes the goblin.
You kill the goblin!
It was a potion of attraction.
You feel attractive to monsters.
The wall freezes Edmund.
Edmund hits you with a +1 flail of protection!
* * * LOW HITPOINT WARNING * * *
The wall freezes the hound but does no damage.
The wall freezes Edmund.
Edmund hits you with a +1 flail of protection.
* * * LOW HITPOINT WARNING * * *
The wall freezes the hound but does no damage.
It was a potion of degeneration.
There was something very wrong with that liquid.
You feel weakened.
You feel dopey.
You feel clumsy.
The wall freezes Edmund.
Edmund asks, "Have you met my wondrous brother?"
Edmund hits you with a +1 flail of protection!
You die...

* ##.## . #####...#
*.###.......#
*..##.###...#######
*#.##)# ###........
#)##.# #.######.
#h##.# #.# #..#
#@##.# #.# #.#.
#@##.# #.# #.##
#.##.# ###.# #.##
#.##.###...# #...
#.##.......# #..#
#.######...# #..#
##.## ##..# #..#
#...######..####..#
#.#......#......>..
#...####.#.#####..#


You could see Edmund (fast) and a hound.

Vanquished Creatures
  4 ogres (D:4)
  4 adders
  An orc (D:4)
  A bat (D:3)
  2 endoplasms
  3 giant cockroaches
  2 goblins (D:4)
  2 hobgoblins
  2 ball pythons
  A frilled lizard (D:3)
  2 kobolds (D:4)
  A rat (D:2)
25 creatures vanquished.

Notes
Turn   | Place    | Note
-------+----------+-------------------------------------------
     0 | D:1      | hawla the Meteoran Ice Elementalist began the quest for the
                  | Orb.
     0 | D:1      | Reached XP level 1. HP: 14/14 MP: 5/5
    89 | D:2      | Reached XP level 2. HP: 10/20 MP: 0/6
   125 | D:3      | Reached skill level 5 in Ice Magic
   169 | D:4      | Noticed an ogre
   191 | D:3      | Reached XP level 3. HP: 25/26 MP: 6/8
   195 | D:3      | Learned a level 3 spell: Frozen Ramparts
   290 | D:4      | Reached XP level 4. HP: 33/33 MP: 3/10
   311 | D:4      | Noticed an ogre
   351 | D:4      | Killed an ogre
   352 | D:4      | Reached XP level 5. HP: 39/39 MP: 2/12
   357 | D:4      | Learned a level 4 spell: Hailstorm
   469 | D:4      | Noticed an ogre
   474 | D:4      | Killed an ogre
   475 | D:4      | Reached XP level 6. HP: 46/46 MP: 5/13
   541 | D:4      | Killed an ogre
   771 | D:4      | Noticed an ogre
   776 | D:4      | Killed an ogre
   777 | D:4      | Reached skill level 5 in Conjurations
   777 | D:4      | Reached XP level 7. HP: 21/51 MP: 3/14
   800 | D:4      | Noticed Edmund
   808 | D:4      | HP: 2/51 [Edmund/+1 flail of protection (6)]
   809 | D:4      | Slain by Edmund

Illustrated notes

Levels and vault maps discovered:
D:1:      dpeg_arrival_simpleton_c, layout_loops_corners
D:2:      minmay_spotlight, layout_rooms,
          shapermc_ecumenical_altar_starsandcircs, uniq_crazy_yiuf_cottage,
          uniq_terence, uniq_natasha
D:3:      layout_rooms, worldfamousw_hep_ancestral_shrine,
          mainiacjoe_overflow_concentric_impassable
D:4:      layout_loops_ring, biasface_ghost_orc_armoury, uniq_edmund

Skill      XL: |  1  2  3  4  5  6 |
---------------+-------------------+-----
Ice Magic      | 5 |  5.9
Spellcasting   | 3 4 |  4.4
Conjurations   | 3 5 |  5.4
Fighting       | |  0.6
Dodging        | |  2.6
Stealth        | |  1.4

Action                   |  1- 3 |  4- 6 |  7- 9 || total
-------------------------+-------+-------+-------++-------
Melee: Unarmed           |     3 |       |       ||     3
 Cast: Freeze            |    29 |     6 |     1 ||    36
       Frozen Ramparts   |     1 |     8 |     1 ||    10
       Hailstorm         |       |     3 |     1 ||     4
  Use: Potion            |     1 |       |     3 ||     4
Armor: Robe              |     2 |       |     1 ||     3
Dodge: Dodged            |    17 |     2 |       ||    19
